% Time on Ice - EDMONTON ICE
Lines # - Real PCT - Wanted PCT - Time Play
Normal Forward
1 - 36% - 37% - 17:53
2 - 32% - 34% - 16:11
3 - 21% - 23% - 10:25
4 - 11% - 6% - 5:35
Normal Defense
1 - 36% - 37% - 17:54
2 - 38% - 33% - 19:04
3 - 25% - 23% - 12:20
4 - 2% - 7% - 0:46
PP Forward
1 - 64% - 55% - 2:32
2 - 36% - 45% - 1:26
PP Defense
1 - 64% - 55% - 2:32
2 - 36% - 45% - 1:26
PK Forward
1 - 79% - 57% - 3:08
2 - 21% - 43% - 0:51
PK Defense
1 - 35% - 57% - 1:24
2 - 65% - 43% - 2:35
PK3 Forward
1 - 68% - 55% - 0:46
2 - 32% - 45% - 0:22
PK3 Defense
1 - 68% - 55% - 0:46
2 - 32% - 45% - 0:22
44 Forward
1 - 100% - 55% - 0:51
2 - 0% - 45% - 0:00
44 Defense
1 - 24% - 55% - 0:12
2 - 76% - 45% - 0:39
Last Minute Offensive  - 0:00
Last Minute Defensive  - 0:00
Total
Forward - 60:00
Defense - 60:00
% Time on Ice - OAKLAND GORILLAS
Lines # - Real PCT - Wanted PCT - Time Play
Normal Forward
1 - 34% - 36% - 17:04
2 - 29% - 31% - 14:28
3 - 24% - 23% - 12:03
4 - 13% - 10% - 6:29
Normal Defense
1 - 37% - 36% - 18:23
2 - 29% - 31% - 14:29
3 - 31% - 23% - 15:34
4 - 3% - 10% - 1:38
PP Forward
1 - 62% - 55% - 2:29
2 - 38% - 45% - 1:30
PP Defense
1 - 68% - 55% - 2:43
2 - 32% - 45% - 1:16
PK Forward
1 - 56% - 55% - 2:14
2 - 44% - 45% - 1:44
PK Defense
1 - 69% - 55% - 2:44
2 - 31% - 45% - 1:14
PK3 Forward
1 - 0% - 55%
2 - 0% - 45%
PK3 Defense
1 - 0% - 55%
2 - 0% - 45%
44 Forward
1 - 67% - 55% - 1:20
2 - 33% - 45% - 0:39
44 Defense
1 - 67% - 55% - 1:20
2 - 33% - 45% - 0:39
Last Minute Offensive  - 0:00
Last Minute Defensive  - 0:00
Total
Forward - 60:00
Defense - 60:00
Play-by-Play 1st period 0:01 of 1st period - Ryan O'Reilly wins face-off versus Nico Hischier in neutral zone. 0:14 of 1st period - Shot by Nico Hischier. 0:14 of 1st period - Deflect By Tyler Toffoli. 0:14 of 1st period - Shot Blocked by Ryan Graves. 0:16 of 1st period - Shot by Tyler Toffoli. 0:16 of 1st period - Shot Misses the Net. 1:13 of 1st period - Shot by Alexander Wennberg. 1:13 of 1st period - Stopped by Philipp Grubauer with a rebound. 1:34 of 1st period - Shot by Patric Hornqvist. 1:34 of 1st period - Shot Hit the Post. 1:36 of 1st period - Shot by Colton Parayko. 1:36 of 1st period - Shot Blocked by Nick Leddy. 2:04 of 1st period - Shot by Boone Jenner. 2:04 of 1st period - Shot Misses the Net. 2:06 of 1st period - Shot by Boone Jenner. 2:06 of 1st period - Shot Misses the Net. 2:12 of 1st period - Shot by Joel Eriksson Ek. 2:12 of 1st period - Stopped by Matthew Murray without a rebound. 2:13 of 1st period - Ivan Barbashev wins face-off versus Lucas Wallmark in OAKLAND GORILLAS zone. 2:16 of 1st period - Shot by Mathieu Perreault. 2:16 of 1st period - Stopped by Matthew Murray without a rebound. 2:17 of 1st period - Lucas Wallmark wins face-off versus Boone Jenner in OAKLAND GORILLAS zone. 2:26 of 1st period - Shot by Lucas Wallmark. 2:26 of 1st period - Stopped by Philipp Grubauer without a rebound. 2:27 of 1st period - Ryan O'Reilly wins face-off versus Liam Foudy in EDMONTON ICE zone. 2:31 of 1st period - Anthony Mantha is hit by Kurtis MacDermid and loses puck. 2:52 of 1st period - Shot by Michael Dal Colle. 2:52 of 1st period - Stopped by Philipp Grubauer without a rebound. 2:53 of 1st period - Boone Jenner wins face-off versus Lucas Wallmark in EDMONTON ICE zone. 3:16 of 1st period - Shot by Joel Eriksson Ek. 3:16 of 1st period - Stopped by Matthew Murray without a rebound. 3:17 of 1st period - Mikko Koivu wins face-off versus Nico Hischier in OAKLAND GORILLAS zone. 3:37 of 1st period - Shot by Tyler Toffoli. 3:37 of 1st period - Shot Misses the Net. 3:42 of 1st period - Off-side. 3:43 of 1st period - Ivan Barbashev wins face-off versus Lucas Wallmark in neutral zone. 4:04 of 1st period - Ondrej Kase is hit by Joel Farabee and loses puck. 4:48 of 1st period - Shot by Patric Hornqvist. 4:48 of 1st period - Stopped by Matthew Murray without a rebound. 4:49 of 1st period - Ryan O'Reilly wins face-off versus Nico Hischier in OAKLAND GORILLAS zone. 5:04 of 1st period - Shot by Jonathan Drouin. 5:04 of 1st period - Shot Misses the Net. 6:10 of 1st period - Shot by Patric Hornqvist. 6:10 of 1st period - Stopped by Matthew Murray without a rebound. 6:11 of 1st period - Boone Jenner wins face-off versus Liam Foudy in OAKLAND GORILLAS zone. 6:49 of 1st period - Shot by Joel Eriksson Ek. 6:49 of 1st period - Shot Misses the Net. 7:26 of 1st period - Mikko Koivu is hit by Kurtis MacDermid. 7:37 of 1st period - Timo Meier is hit by Nikita Zadorov and loses puck. 7:45 of 1st period - Tyler Toffoli is hit by Colton Parayko and loses puck. 7:51 of 1st period - Minor Penalty to Colton Parayko for Holding. 7:52 of 1st period - Alexander Wennberg wins face-off versus Boone Jenner in EDMONTON ICE zone. 8:44 of 1st period - Shot by Tyler Toffoli. 8:44 of 1st period - Stopped by Philipp Grubauer without a rebound. 8:45 of 1st period - Boone Jenner wins face-off versus Nico Hischier in EDMONTON ICE zone. 10:17 of 1st period - Shot by Ryan O'Reilly. 10:17 of 1st period - Shot Misses the Net. 10:27 of 1st period - Shot by Ryan O'Reilly. 10:27 of 1st period - Deflect By Anthony Mantha. 10:27 of 1st period - Shot Misses the Net. 10:29 of 1st period - Shot by Ryan Graves. 10:29 of 1st period - Stopped by Matthew Murray with a rebound. 10:31 of 1st period - Shot by Ryan O'Reilly. 10:31 of 1st period - Stopped by Matthew Murray with a rebound. 10:50 of 1st period - Icing by Lucas Wallmark. 10:51 of 1st period - Mikko Koivu wins face-off versus Joel Farabee in OAKLAND GORILLAS zone. 10:54 of 1st period - Shot by Patric Hornqvist. 10:54 of 1st period - Shot Misses the Net. 11:15 of 1st period - Minor Penalty to Nico Hischier for Goalie Interference. 11:15 of 1st period - Minor Penalty to Shea Theodore for Goalie Interference. 11:16 of 1st period - Ryan O'Reilly wins face-off versus Alexander Nylander in EDMONTON ICE zone. 11:27 of 1st period - Icing by Jakob Chychrun. 11:28 of 1st period - Alexander Nylander wins face-off versus Ryan O'Reilly in OAKLAND GORILLAS zone. 12:06 of 1st period - Minor Penalty to Calvin De Haan for Cross-checking. 12:07 of 1st period - Boone Jenner wins face-off versus Alexander Wennberg in EDMONTON ICE zone. 12:45 of 1st period - Shot by Jack Roslovic. 12:45 of 1st period - Stopped by Philipp Grubauer without a rebound. 12:46 of 1st period - Mikko Koivu wins face-off versus Alexander Nylander in EDMONTON ICE zone. 12:59 of 1st period - Shot by Tyler Toffoli. 12:59 of 1st period - Shot Misses the Net. 13:15 of 1st period - Shot by Mikhail Sergachev. 13:15 of 1st period - Goal by Mikhail Sergachev - EDMONTON ICE : 0 - OAKLAND GORILLAS : 1. 13:16 of 1st period - Ryan O'Reilly wins face-off versus Liam Foudy in neutral zone. 13:47 of 1st period - Shot by Devin Shore. 13:47 of 1st period - Shot Blocked by Anthony Mantha. 14:40 of 1st period - Shot by Joel Eriksson Ek. 14:40 of 1st period - Shot Blocked by Nikita Zadorov. 14:42 of 1st period - Shot by Boone Jenner. 14:42 of 1st period - Shot Misses the Net. 14:44 of 1st period - Shot by Ryan Graves. 14:44 of 1st period - Goal by Ryan Graves - EDMONTON ICE : 1 - OAKLAND GORILLAS : 1. 14:45 of 1st period - Mikko Koivu wins face-off versus Alexander Wennberg in neutral zone. 16:08 of 1st period - Icing by Nico Hischier. 16:09 of 1st period - Nico Hischier wins face-off versus Boone Jenner in OAKLAND GORILLAS zone. 17:11 of 1st period - Shot by Lucas Wallmark. 17:11 of 1st period - Goal by Lucas Wallmark - EDMONTON ICE : 1 - OAKLAND GORILLAS : 2. 17:12 of 1st period - Alexander Wennberg wins face-off versus Mikko Koivu in neutral zone. 17:55 of 1st period - Shot by Timo Meier. 17:55 of 1st period - Stopped by Matthew Murray with a rebound. 18:17 of 1st period - Shot by Jaden Schwartz. 18:17 of 1st period - Stopped by Matthew Murray without a rebound. 18:18 of 1st period - Nico Hischier wins face-off versus Boone Jenner in OAKLAND GORILLAS zone. 19:13 of 1st period - Shea Theodore is hit by Kevin Shattenkirk and loses puck. 19:17 of 1st period - Icing by Nick Leddy. 19:18 of 1st period - Ryan O'Reilly wins face-off versus Lucas Wallmark in OAKLAND GORILLAS zone. 19:25 of 1st period - Minor Penalty to Lucas Wallmark for Interference. 19:26 of 1st period - Ryan O'Reilly wins face-off versus Nico Hischier in OAKLAND GORILLAS zone. 19:57 of 1st period - Shot by Anthony Mantha. 19:57 of 1st period - Deflect By Timo Meier. 19:57 of 1st period - Shot Misses the Net. Goals for this period are 1 for EDMONTON ICE vs 2 for OAKLAND GORILLAS. Shots for this period are 10 for EDMONTON ICE vs 7 for OAKLAND GORILLAS. 2nd period 0:01 of 2nd period - Ryan O'Reilly wins face-off versus Nico Hischier in neutral zone. 0:50 of 2nd period - Ryan O'Reilly is hit by Jakob Chychrun and loses puck. 1:08 of 2nd period - Jaden Schwartz is hit by Jakob Chychrun and loses puck. 1:36 of 2nd period - Mathieu Perreault is hit by Kurtis MacDermid. 2:14 of 2nd period - Icing by Nikita Zadorov. 2:15 of 2nd period - Nico Hischier wins face-off versus Ryan O'Reilly in OAKLAND GORILLAS zone. 2:58 of 2nd period - Shot by Jack Roslovic. 2:58 of 2nd period - Deflect By Joel Farabee. 2:58 of 2nd period - Stopped by Philipp Grubauer with a rebound. 3:00 of 2nd period - Shot by Jack Roslovic. 3:00 of 2nd period - Goal by Jack Roslovic - EDMONTON ICE : 1 - OAKLAND GORILLAS : 3. 3:01 of 2nd period - Alexander Wennberg wins face-off versus Mikko Koivu in neutral zone. 3:06 of 2nd period - Icing by Ryan Graves. 3:07 of 2nd period - Alexander Wennberg wins face-off versus Timo Meier in EDMONTON ICE zone. 3:12 of 2nd period - Shot by Alexander Wennberg. 3:12 of 2nd period - Shot Misses the Net. 3:16 of 2nd period - Shot by Alexander Wennberg. 3:16 of 2nd period - Stopped by Philipp Grubauer without a rebound. 3:17 of 2nd period - Nico Hischier wins face-off versus Patric Hornqvist in EDMONTON ICE zone. 3:52 of 2nd period - Shot by Mikko Koivu. 3:52 of 2nd period - Stopped by Matthew Murray without a rebound. 3:53 of 2nd period - Ryan O'Reilly wins face-off versus Alexander Wennberg in OAKLAND GORILLAS zone. 4:33 of 2nd period - Shot by Colin White. 4:33 of 2nd period - Shot Blocked by Shea Theodore. 4:54 of 2nd period - Shot by Kurtis MacDermid. 4:54 of 2nd period - Stopped by Philipp Grubauer without a rebound. 4:55 of 2nd period - Nico Hischier wins face-off versus Mikko Koivu in EDMONTON ICE zone. 5:01 of 2nd period - Icing by Ryan Graves. 5:02 of 2nd period - Mikko Koivu wins face-off versus Nico Hischier in EDMONTON ICE zone. 5:26 of 2nd period - Shot by Jonathan Drouin. 5:26 of 2nd period - Stopped by Philipp Grubauer with a rebound. 5:38 of 2nd period - Shot by Patric Hornqvist. 5:38 of 2nd period - Shot Blocked by Nick Leddy. 6:20 of 2nd period - Icing by Mikko Koivu. 6:21 of 2nd period - Alexander Wennberg wins face-off versus Patric Hornqvist in EDMONTON ICE zone. 6:48 of 2nd period - Shot by Alexander Wennberg. 6:48 of 2nd period - Stopped by Philipp Grubauer without a rebound. 6:49 of 2nd period - Ryan O'Reilly wins face-off versus Liam Foudy in EDMONTON ICE zone. 6:56 of 2nd period - Shot by Jaden Schwartz. 6:56 of 2nd period - Shot Misses the Net. 7:22 of 2nd period - Icing by Mikhail Sergachev. 7:23 of 2nd period - Liam Foudy wins face-off versus Boone Jenner in OAKLAND GORILLAS zone. 7:52 of 2nd period - Shot by Joel Eriksson Ek. 7:52 of 2nd period - Stopped by Matthew Murray without a rebound. 7:53 of 2nd period - Ryan O'Reilly wins face-off versus Nico Hischier in OAKLAND GORILLAS zone. 8:54 of 2nd period - Shot by Boone Jenner. 8:54 of 2nd period - Shot Misses the Net. 8:56 of 2nd period - Shot by Shea Theodore. 8:56 of 2nd period - Stopped by Matthew Murray without a rebound. 8:57 of 2nd period - Alexander Wennberg wins face-off versus Mikko Koivu in OAKLAND GORILLAS zone. 9:32 of 2nd period - Shot by Alexander Wennberg. 9:32 of 2nd period - Stopped by Philipp Grubauer without a rebound. 9:33 of 2nd period - Boone Jenner wins face-off versus Lucas Wallmark in EDMONTON ICE zone. 10:02 of 2nd period - Shot by Jack Roslovic. 10:02 of 2nd period - Deflect By Joel Farabee. 10:02 of 2nd period - Stopped by Philipp Grubauer without a rebound. 10:03 of 2nd period - Ryan O'Reilly wins face-off versus Liam Foudy in EDMONTON ICE zone. 10:16 of 2nd period - Shot by Anthony Mantha. 10:16 of 2nd period - Shot Blocked by Mikhail Sergachev. 10:18 of 2nd period - Shot by Ryan O'Reilly. 10:18 of 2nd period - Shot Misses the Net. 10:38 of 2nd period - Shot by Ryan O'Reilly. 10:38 of 2nd period - Stopped by Matthew Murray without a rebound. 10:39 of 2nd period - Mikko Koivu wins face-off versus Alexander Wennberg in OAKLAND GORILLAS zone. 10:39 of 2nd period - Mikko Koivu is hit by Nick Leddy. 10:41 of 2nd period - Shot by Patric Hornqvist. 10:41 of 2nd period - Shot Misses the Net. 10:43 of 2nd period - Shot by Timo Meier. 10:43 of 2nd period - Shot Misses the Net. 10:45 of 2nd period - Shot by Colton Parayko. 10:45 of 2nd period - Shot Misses the Net. 10:51 of 2nd period - Shot by Timo Meier. 10:51 of 2nd period - Shot Blocked by Alexander Wennberg. 10:53 of 2nd period - Shot by Colton Parayko. 10:53 of 2nd period - Stopped by Matthew Murray without a rebound. 10:54 of 2nd period - Boone Jenner wins face-off versus Nico Hischier in OAKLAND GORILLAS zone. 11:07 of 2nd period - Shot by Boone Jenner. 11:07 of